 Dungeon Crawl Stone Soup version 0.31-a0-702-gf82c85558f (webtiles) character file.

Game seed: 333019668927312305

50 qw the Shooter (level 3, -3/22 HPs)
             Began as a Gargoyle Hunter on Sept 8, 2023.
             Slain by an orc wizard
             ... wielding a +0 dagger
              (4 damage)
             ... on level 3 of the Dungeon.
             The game lasted 00:00:37 (1934 turns).

qw the Shooter (Gargoyle Hunter)                    Turns: 1934, Time: 00:00:37

Health: -3/22      AC:  8    Str: 14    XL:     3   Next: 79%
Magic:  0/3        EV: 15    Int:  9    God:
Gold:   80         SH:  0    Dex: 15    Spells: 2/2 levels left

rFire   . . .        Y - +1 shortbow
rCold   . . .        (shield currently unavailable)
rNeg    + . .        l - +0 ring mail
rPois   inf          (no helmet)
rElec   +            (no cloak)
rCorr   .            (no gloves)
SInv    .            (no boots)
Will    .....        e - amulet of guardian spirit Stlth
                     j - +5 ring of evasion
HPRegen 0.23/turn    (no ring)
MPRegen 0.08/turn

%: guardian spirit
@: confused
A: sickness immunity, AC +3, negative energy resistance 1, electricity
resistance, torment resistance 1, petrification resistance
a: no special abilities


You were on level 3 of the Dungeon.
You visited 1 branch of the dungeon, and saw 3 of its levels.

You collected 80 gold pieces.


Innate Abilities, Weirdness & Mutations

You are immune to sickness and miasma.
Your stone body is resilient. (AC +3)
You are immune to poison.
You resist negative energy. (rN+)
You are resistant to electric shocks. (rElec)
You are resistant to unholy torment.
You are immune to petrification.


   Skills:
 - Level 2.5 Fighting
 - Level 5.1 Ranged Weapons
 + Level 0.4 Armour
 - Level 1.5 Dodging
 - Level 1.1 Stealth


You had 2 spell levels left.
You didn't know any spells.
Your spell library was empty.

Inventory:

Hand Weapons
 Y - a +1 shortbow (weapon)
Armour
 l - a +0 ring mail (worn)
Jewellery
 e - an amulet of guardian spirit (around neck)
 j - a +5 ring of evasion (left hand)
Potions
 a - a potion of degeneration {unknown}
 f - a potion of heal wounds {unknown}
 g - a potion of might {unknown}
 h - a potion of curing {unknown}
 i - a potion of lignification {unknown}
 k - a potion of magic {unknown}
 m - a potion of enlightenment {unknown}

Dungeon Overview and Level Annotations

Branches:
Dungeon (3/15)

Altars:
Xom


Message History

The orc is healed somewhat.
The orc misses you. The rat bites you.
1927 |||
Found retreat position at -1,-1 (shallow_water) with 0 blocking monsters and 1 monsters attacking at destination at distance 1 You shoot an arrow.
The arrow hits the orc but does no damage.
The orc is moderately wounded.
The rat misses you.
The orc priest calls down the wrath of Beogh upon you.
Beogh smites you! The orc hits you but does no damage. The rat misses you.
1928 |||
Found retreat position at -1,-1 (shallow_water) with 0 blocking monsters and 1 monsters attacking at destination at distance 1 You shoot an arrow.
The arrow closely misses the orc.
The orc hits you with a +0 flail!
The orc wizard casts a spell.
The orc wizard flickers and vanishes!
Deactivating autopickup; reactivate with Ctrl-A.
The rat misses you.
1929 |||
Found retreat position at -1,-1 (shallow_water) with 0 blocking monsters and 1 monsters attacking at destination at distance 1 You shoot an arrow.
The arrow hits the orc!
You kill the orc!
The rat barely misses you.
The orc priest hits you but does no damage.
1930 |||
Found retreat position at -1,-1 (shallow_water) with 0 blocking monsters and 1 monsters attacking at destination at distance 1 You shoot an arrow.
The arrow hits the orc wizard but does no damage.
The orc wizard gestures at you while chanting.
You are confused.
The rat barely misses you. The orc priest misses you.
The orc wizard misses you. The rat barely misses you.
The orc priest begins to cast a cantrip, but forgets the words!
The orc wizard hits you but does no damage.
The rat closely misses you.
The orc priest hits you with a +0 dagger.
The orc wizard closely misses you. The rat closely misses you.
The orc priest hits you with a +0 dagger.
The orc wizard casts a spell.
The orc wizard flickers and vanishes!
The rat misses you.
The orc priest hits you but does no damage.
Something hits you.
You die...

#.# #. #.##r.####...# #.#
##.## #.##o........) #.#
#...####.#...####... #.#
#........o.......# #.#
###.##.#%#...###.# #.#
#~.##.#.##.## #.###
##~.##.#.##.# #...#
#~~~##......# ###.#
##%~#@{...##...#
#<#######~~##oro.....#..$
#......##~~#.##..###..##.
###..#.##~##. !.... ##
##~#.##~##.##..###
#~#.#~~##. #...
##~#.#~~##. ##.##
#~~#.#~~#### .#
#~~#.##~~#~#


You could see an orc priest, an orc and a rat.

Vanquished Creatures
  An adder (D:2)
  A dart slug (D:1)
  An orc (D:3)
  2 ball pythons (D:1)
  7 bats
  4 endoplasms
  A giant cockroach (D:1)
  4 hobgoblins
  2 kobolds (D:1)
  2 quokkas
  3 frilled lizards
  2 goblins (D:1)
  5 rats
35 creatures vanquished.

Notes
Turn   | Place    | Note
-------+----------+-------------------------------------------
     0 | D:1      | qw the Gargoyle Hunter began the quest for the Orb.
     0 | D:1      | Reached XP level 1. HP: 12/12 MP: 1/1
     0 | D:1      | 0 ||| qw: Version: 0.3-a-76-g4403597
     0 | D:1      | 0 ||| qw: Game counter: 1031
     0 | D:1      | 0 ||| qw: Melee chars always use a shield: true
     0 | D:1      | 0 ||| qw: God list: Okawaru
     0 | D:1      | 0 ||| qw: Allow faded altars: false
     0 | D:1      | 0 ||| qw: Do Orc after clearing Dungeon:15 true
     0 | D:1      | 0 ||| qw: Do second Lair branch before Depths: true
     0 | D:1      | 0 ||| qw: Lair rune preference: random
     0 | D:1      | 0 ||| qw: Goals: Normal
     0 | D:1      | 0 ||| PLANNING D:1-11
   110 | D:1      | Reached XP level 2. HP: 17/17 MP: 2/2
   873 | D:1      | 873 ||| UPGRADING to +5 ring of evasion.
   874 | D:1      | 874 ||| READING scroll labelled MOEJEE SYFO.
   879 | D:1      | 879 ||| READING scroll labelled VOOBAX EMAN.
   880 | D:1      | 880 ||| DROPPING scroll of butterflies.
   898 | D:2      | Found a shimmering altar of Xom.
   942 | D:2      | Reached XP level 3. HP: 21/21 MP: 3/3
  1130 | D:2      | Reached skill level 5 in Ranged Weapons
  1718 | D:2      | 1718 ||| UPGRADING to +0 ring mail.
  1728 | D:2      | 1728 ||| DROPPING +0 leather armour.
  1729 | D:2      | 1729 ||| UPGRADING to amulet of guardian spirit.
  1734 | D:2      | 1734 ||| READING scroll labelled POBRI TAUHILU.
  1735 | D:2      | 1735 ||| READING scroll labelled TASKADE XEUR.
  1736 | D:2      | 1736 ||| READING scroll labelled OBEUM NUOMP.
  1878 | D:3      | 1878 ||| Stepping ~*~*~tactically~*~*~ (water).
  1906 | D:3      | 1906 ||| FLEEEEING.
  1907 | D:3      | 1907 ||| FLEEEEING.
  1908 | D:3      | 1908 ||| FLEEEEING.
  1909 | D:3      | 1909 ||| FLEEEEING.
  1913 | D:3      | 1913 ||| FLEEEEING.
  1914 | D:3      | 1914 ||| FLEEEEING.
  1916 | D:3      | 1916 ||| FLEEEEING.
  1917 | D:3      | 1917 ||| FLEEEEING.
  1919 | D:3      | 1919 ||| FLEEEEING.
  1928 | D:3      | HP: 3/22 [orc/+0 flail (6)]
  1933 | D:3      | HP: 1/22 [orc priest/+0 dagger (3)]
  1934 | D:3      | Slain by an orc wizard

Levels and vault maps discovered:
D:1:      evilmike_arrival_hilbert_curve, layout_basic, grunt_decor_cap
D:2:      layout_loops_corners, basic_altar
D:3:      layout_loops_ring, makhleb_altar_promises_db, slow_altar_1,
          serial_rivers, chequers_serial_rivers_room_b,
          chequers_serial_rivers_large_b, chequers_serial_rivers_room_b,
          chequers_serial_rivers_micro_d, chequers_serial_rivers_micro_e,
          chequers_serial_rivers_small_b, corexii_shack

Skill      XL: |  1  2  3 |
---------------+----------+-----
Ranged Weapons | 5 |  5.1
Fighting       | |  2.5
Armour         | |  0.4
Dodging        | |  1.5
Stealth        | |  1.1

Action                     || total
---------------------------++-------
   Fire: Shortbow          ||   123
    Use: Scroll            ||     5
 Armour: Leather armour    ||    24
         Ring mail         ||    11
  Dodge: Dodged            ||    51

Table legend:
 A = Non-vault XP
 B = Vault XP
 C = Vault XP percentage of total XP
 D = Non-vault monster count
 E = Vault monster count
 F = Vault count percentage of total count
                 A         B        C        D         E       F
            +---------+---------+-------+---------+---------+-------
      Total |      72 |       0 |   0.0 |      35 |       0 |   0.0
            +---------+---------+-------+---------+---------+-------
        D:1 |      31 |       0 |   0.0 |      16 |       0 |   0.0
        D:2 |      35 |       0 |   0.0 |      15 |       0 |   0.0
        D:3 |       6 |       0 |   0.0 |       4 |       0 |   0.0
            +---------+---------+-------+---------+---------+-------
